cohdb
Replays
Latest Replays
All Replays
Popular Replays
Top Player Replays
Match Explorer
How It Works
Community
CoH3 Stats
Reddit
Sign in to upload your games and track your stats! →
Sign in with Steam
Match 44688226
Unlisted
Match 44688226
Overview
Messages
Build Orders
End
Kettenkrad Recon Vehicle
Construct Infanterie Kompanie
Grenadier Squad
Grenadier Squad
Construct Luftwaffe Kompanie
221 Scout Car
Jäger Squad
Medical Station
Jäger Squad
Luftwaffe Officer Quarters
221 Scout Car
Construct Panzer Kompanie
Selects Mechanized Battlegroup
Selects Raid Package
Selects StuG Assault Group
StuG Assault Group
Selects UNKNOWN (2160084)
Pioneer Squad
Stoßtruppen Squad
Panzer Officer Quarters
Selects Spotting Scopes
Selects Stoßtruppen Assault Package
Selects Zeroing Artillery Barrage
Zeroing Artillery Barrage
575762713
DrewP
0
0
Comments
sign in to comment!
No comments posted yet!